SNL (28 & UNDER)
BEAUMONT ROUGHNECKS @ KEY WEST BARRACUDAS
09/16/2027
 
TOP OF THE 1ST
Beaumont Roughnecks batting - Pitching for Key West Barracudas : RHP Chris Jones
Pitching: RHP Chris Jones
Batting: LHB Tony Rivera 0-0: Ball
1-0: Ball
2-0: Called Strike
2-1: Foul Ball, location: 2F
2-2: Foul Ball, location: 2F
2-2: Foul Ball, location: 2F
2-2: Fly out, F9 (Flyball, 89M)
Batting: RHB Jeff Mason 0-0: Ball
1-0: Called Strike
1-1: SINGLE (Groundball, 56D)
Batting: LHB Cam Flowers 0-0: Ball
1-0: Swinging Strike
1-1: Foul Ball, location: 2F
1-2: Fly out, F7 (Flyball, 78D)
Batting: RHB Si-xun Li 0-0: Fielders Choice at 2nd, 6-4 (Groundball, 6)
Top of the 1st over - 0 run(s), 1 hit(s), 0 error(s), 0 left on base; Beaumont 0 - Key West 0
BOTTOM OF THE 1ST
Key West Barracudas batting - Pitching for Beaumont Roughnecks : RHP Jesús Ortíz
Pitching: RHP Jesús Ortíz
Batting: RHB Richard Sanders 0-0: Ball
1-0: Ball
2-0: Called Strike
2-1: SINGLE (Groundball, 34D)
Batting: RHB Carlos Bravo 0-0: Ball
1-0: Called Strike
1-1: Swinging Strike
1-2: Ball
2-2: Strikes out looking
Batting: SHB Cory Campbell 0-0: Ball
1-0: Called Strike
1-1: Ball
Richard Sanders is caught stealing 2nd base
2-1: Ground out 6-3 (Groundball, 6S)
Bottom of the 1st over - 0 run(s), 1 hit(s), 0 error(s), 0 left on base; Beaumont 0 - Key West 0
TOP OF THE 2ND
Beaumont Roughnecks batting - Pitching for Key West Barracudas : RHP Chris Jones
Batting: LHB Bernardo Morales 0-0: Called Strike
0-1: Ball
1-1: Swinging Strike
1-2: Strikes out swinging
Batting: LHB Enrique Cruz 0-0: Ball
1-0: Called Strike
1-1: Foul Ball, location: 2F
1-2: Foul Ball, location: 2F
1-2: Foul Ball, location: 2F
1-2: Ball
2-2: Ball
3-2: Strikes out swinging
Batting: RHB Albert Alemán 0-0: Ball
1-0: Swinging Strike
1-1: SINGLE (Flyball, 78S)
Batting: RHB Miguel Costa 0-0: Ball
1-0: Foul Ball, location: 2F
1-1: Ball
2-1: Ball
3-1: Called Strike
3-2: SINGLE (Line Drive, 7S)
Albert Alemán to second
Albert Alemán to third
Batting: LHB Guy Moss 0-0: Ball
1-0: DOUBLE (Flyball, 78XD)
Albert Alemán scores
Miguel Costa to third
Runner from 3rd tries for Home, throw and OUT!
Top of the 2nd over - 1 run(s), 3 hit(s), 0 error(s), 1 left on base; Beaumont 1 - Key West 0
BOTTOM OF THE 2ND
Key West Barracudas batting - Pitching for Beaumont Roughnecks : RHP Jesús Ortíz
Batting: SHB Héctor Padilla 0-0: Ball
1-0: Ground out 4-3 (Groundball, 4)
Batting: SHB Jacob Knapp 0-0: Ground out 6-3 (Groundball, 6M)
Batting: RHB Jorge Hernández 0-0: Called Strike
0-1: Ball
1-1: Ball
2-1: Ball
3-1: Fly out, F8 (Flyball, 8RS)
Bottom of the 2nd over - 0 run(s), 0 hit(s), 0 error(s), 0 left on base; Beaumont 1 - Key West 0
TOP OF THE 3RD
Beaumont Roughnecks batting - Pitching for Key West Barracudas : RHP Chris Jones
Batting: LHB Tony Rivera 0-0: Ball
1-0: Ball
2-0: Ball
3-0: Called Strike
3-1: Base on Balls
Batting: RHB Jeff Mason 0-0: Ball
1-0: Ball
2-0: Swinging Strike
2-1: Ball
3-1: Grounds into double play, 4-6-3 (Groundball, 4)
Batting: LHB Cam Flowers 0-0: Ball
1-0: Ball
2-0: Swinging Strike
2-1: Ball
3-1: Swinging Strike
3-2: Strikes out looking
Top of the 3rd over - 0 run(s), 0 hit(s), 0 error(s), 0 left on base; Beaumont 1 - Key West 0
BOTTOM OF THE 3RD
Key West Barracudas batting - Pitching for Beaumont Roughnecks : RHP Jesús Ortíz
Batting: LHB Daniel Byrd 0-0: Fly out, F3 (Line Drive, 34)
Batting: RHB Ramón Díaz 0-0: Ball
1-0: Called Strike
1-1: Ball
2-1: Foul Ball, location: 2F
2-2: SINGLE (Groundball, 56D)
Batting: LHB Motoki Hirata 0-0: Called Strike
0-1: Called Strike
0-2: Ball
1-2: Foul Ball, location: 2F
1-2: Grounds into double play, 4-6-3 (Groundball, 4)
Bottom of the 3rd over - 0 run(s), 1 hit(s), 0 error(s), 0 left on base; Beaumont 1 - Key West 0
TOP OF THE 4TH
Beaumont Roughnecks batting - Pitching for Key West Barracudas : RHP Chris Jones
Batting: RHB Si-xun Li 0-0: Ground out 5-3 (Groundball, 56S)
Batting: LHB Bernardo Morales 0-0: Ball
1-0: Ball
2-0: Fly out, F7 (Flyball, 7LS)
Batting: LHB Enrique Cruz 0-0: Ball
1-0: Ball
2-0: Called Strike
2-1: Foul Ball, location: 2F
2-2: Ground out U3 (Groundball, 34S)
Top of the 4th over - 0 run(s), 0 hit(s), 0 error(s), 0 left on base; Beaumont 1 - Key West 0
BOTTOM OF THE 4TH
Key West Barracudas batting - Pitching for Beaumont Roughnecks : RHP Jesús Ortíz
Batting: RHB Richard Sanders 0-0: Ball
1-0: Foul Ball, location: 2F
1-1: Foul Ball, location: 2F
1-2: Strikes out swinging
Batting: RHB Carlos Bravo 0-0: SINGLE (Line Drive, 4MD)
Batting: SHB Cory Campbell 0-0: Ball
1-0: Ball
2-0: Ball
3-0: Called Strike
3-1: Swinging Strike
3-2: Strikes out swinging
Batting: SHB Héctor Padilla 0-0: Called Strike
0-1: Ball
1-1: Called Strike
1-2: Ball
2-2: 2-RUN HOME RUN (Flyball, 9LD), Distance : 350 ft
Batting: SHB Jacob Knapp 0-0: Called Strike
0-1: Fly out, F8 (Line Drive, 89D)
Bottom of the 4th over - 2 run(s), 2 hit(s), 0 error(s), 0 left on base; Beaumont 1 - Key West 2
TOP OF THE 5TH
Beaumont Roughnecks batting - Pitching for Key West Barracudas : RHP Chris Jones
Batting: RHB Albert Alemán 0-0: DOUBLE (Flyball, 8RD)
Batting: RHB Miguel Costa 0-0: Called Strike
0-1: Ball
1-1: Ball
2-1: Ball
3-1: Base on Balls
Batting: LHB Guy Moss 0-0: Ball
1-0: Called Strike
1-1: Foul Ball, location: 2F
1-2: Fly out, F4 (Popup, 4)
Batting: LHB Tony Rivera 0-0: Swinging Strike
0-1: Foul Ball, location: 2F
0-2: Ball
1-2: Ball
2-2: DOUBLE (Groundball, 3L)
Albert Alemán scores
Miguel Costa to third
Runner from 3rd tries for Home, SAFE, no throw
Batting: RHB Jeff Mason 0-0: SINGLE (Line Drive, 78S)
Tony Rivera to third
Runner from 3rd tries for Home, SAFE, no throw
Batting: LHB Cam Flowers 0-0: Ball
1-0: Called Strike
1-1: Foul Ball, location: 2F
1-2: Foul Ball, location: 2F
1-2: Foul Ball, location: 2F
1-2: Ball
2-2: Ground out 4-3 (Groundball, 4S)
Jeff Mason to second
Pitching: RHP Ed Calhoun
Batting: RHB Si-xun Li 0-0: Called Strike
0-1: Foul Ball, location: 2F
0-2: Foul Ball, location: 2F
0-2: Ground out 5-3 (Groundball, 5S)
Top of the 5th over - 3 run(s), 3 hit(s), 0 error(s), 1 left on base; Beaumont 4 - Key West 2
BOTTOM OF THE 5TH
Key West Barracudas batting - Pitching for Beaumont Roughnecks : RHP Jesús Ortíz
Batting: RHB Jorge Hernández 0-0: Called Strike
0-1: SINGLE (Groundball, 56S) (infield hit)
Batting: LHB Daniel Byrd 0-0: Called Strike
0-1: Called Strike
0-2: Fly out, F9 (Flyball, 9)
Batting: RHB Ramón Díaz 0-0: Ball
1-0: Called Strike
1-1: Swinging Strike
1-2: Ball
2-2: Strikes out swinging
Batting: LHB Motoki Hirata 0-0: Called Strike
0-1: Ball
1-1: DOUBLE (Flyball, 7LM)
Jorge Hernández to third
Runner from 3rd tries for Home, SAFE, no throw
Batting: RHB Richard Sanders 0-0: Ground out 4-3 (Groundball, 34)
Bottom of the 5th over - 1 run(s), 2 hit(s), 0 error(s), 1 left on base; Beaumont 4 - Key West 3
TOP OF THE 6TH
Beaumont Roughnecks batting - Pitching for Key West Barracudas : RHP Ed Calhoun
Batting: LHB Bernardo Morales 0-0: Called Strike
0-1: Ball
1-1: Ball
2-1: Ball
3-1: Swinging Strike
3-2: DOUBLE (Line Drive, 7LS)
Batting: LHB Enrique Cruz 0-0: Ball
1-0: Ball
2-0: Called Strike
2-1: Ball
3-1: Called Strike
3-2: Foul Ball, location: 2F
3-2: Strikes out swinging wild pitch, reaches first!
Bernardo Morales to third
Batting: RHB Albert Alemán 0-0: Foul Ball, location: 2F
0-1: Foul Ball, location: 2F
0-2: Strikes out looking
Batting: RHB Miguel Costa 0-0: Grounds into double play, 6-4-3 (Groundball, 6)
Top of the 6th over - 0 run(s), 1 hit(s), 0 error(s), 1 left on base; Beaumont 4 - Key West 3
BOTTOM OF THE 6TH
Key West Barracudas batting - Pitching for Beaumont Roughnecks : RHP Jesús Ortíz
Batting: RHB Carlos Bravo 0-0: Called Strike
0-1: Ball
1-1: Swinging Strike
1-2: Ball
2-2: Strikes out swinging
Batting: SHB Cory Campbell 0-0: Called Strike
0-1: Ball
1-1: Foul Ball, location: 2F
1-2: Strikes out swinging
Batting: SHB Héctor Padilla 0-0: Ball
1-0: Ball
2-0: SINGLE (Groundball, 34D)
Batting: SHB Jacob Knapp 0-0: Called Strike
Héctor Padilla steals 2nd base
0-1: Ball
1-1: Ball
2-1: Fly out, F9 (Flyball, 9LMF)
Bottom of the 6th over - 0 run(s), 1 hit(s), 0 error(s), 1 left on base; Beaumont 4 - Key West 3
TOP OF THE 7TH
Beaumont Roughnecks batting - Pitching for Key West Barracudas : RHP Ed Calhoun
Batting: LHB Guy Moss 0-0: Swinging Strike
0-1: Ground out U3 (Groundball, 3L)
Batting: LHB Tony Rivera 0-0: Called Strike
0-1: Ball
1-1: Foul Ball, location: 2F
1-2: Ground out U3 (Groundball, 34)
Batting: RHB Jeff Mason 0-0: Swinging Strike
0-1: Ball
1-1: Foul Ball, location: 2F
1-2: Foul Ball, location: 2F
1-2: Strikes out looking
Top of the 7th over - 0 run(s), 0 hit(s), 0 error(s), 0 left on base; Beaumont 4 - Key West 3
BOTTOM OF THE 7TH
Key West Barracudas batting - Pitching for Beaumont Roughnecks : RHP Jesús Ortíz
Batting: RHB Jorge Hernández 0-0: Swinging Strike
0-1: Ball
1-1: Swinging Strike
1-2: Strikes out swinging
Batting: LHB Daniel Byrd 0-0: Ball
1-0: Foul Ball, location: 2F
1-1: Ball
2-1: Fly out, F4 (Flyball, 4D)
Batting: RHB Ramón Díaz 0-0: Ball
1-0: Ball
2-0: Fly out, F7 (Flyball, 78D)
Bottom of the 7th over - 0 run(s), 0 hit(s), 0 error(s), 0 left on base; Beaumont 4 - Key West 3
TOP OF THE 8TH
Beaumont Roughnecks batting - Pitching for Key West Barracudas : RHP Ed Calhoun
Batting: LHB Cam Flowers 0-0: Foul Ball, location: 2F
0-1: Foul Ball, location: 2F
0-2: Ball
1-2: DOUBLE (Line Drive, 8RD)
Batting: RHB Si-xun Li 0-0: Ball
1-0: Ball
2-0: Swinging Strike
2-1: Foul Ball, location: 2F
2-2: Foul Ball, location: 2F
2-2: 2-RUN HOME RUN (Flyball, 78XD), Distance : 412 ft
Pitching: RHP George Bennion
Batting: LHB Bernardo Morales 0-0: Foul Ball, location: 2F
0-1: Called Strike
0-2: Foul Ball, location: 2F
0-2: Ball
1-2: Foul Ball, location: 2F
1-2: SINGLE (Groundball, 3D)
Batting: LHB Enrique Cruz 0-0: Grounds into double play, 1-6-3 (Groundball, 13S)
Batting: RHB Albert Alemán 0-0: Called Strike
0-1: Swinging Strike
0-2: Ball
1-2: Ball
2-2: Ground out 4-3 (Groundball, 4)
Top of the 8th over - 2 run(s), 3 hit(s), 0 error(s), 0 left on base; Beaumont 6 - Key West 3
BOTTOM OF THE 8TH
Key West Barracudas batting - Pitching for Beaumont Roughnecks : RHP Jesús Ortíz
Pitching: LHP Artie Nelson
Batting: LHB Motoki Hirata 0-0: Ball
1-0: Ball
2-0: Ball
3-0: Base on Balls
Batting: RHB Richard Sanders 0-0: Ball
1-0: Called Strike
1-1: Ball
2-1: Ball
3-1: Called Strike
3-2: Ground out 5-3 (Groundball, 6S)
Motoki Hirata to second
Batting: RHB Carlos Bravo 0-0: Called Strike
0-1: Foul Ball, location: 2F
0-2: Strikes out swinging
Batting: SHB Cory Campbell 0-0: Ball
Wild Pitch!
Motoki Hirata to third
1-0: Called Strike
1-1: Ball
2-1: Swinging Strike
2-2: Ball
3-2: Strikes out swinging
Bottom of the 8th over - 0 run(s), 0 hit(s), 0 error(s), 1 left on base; Beaumont 6 - Key West 3
TOP OF THE 9TH
Beaumont Roughnecks batting - Pitching for Key West Barracudas : RHP George Bennion
Batting: RHB Miguel Costa 0-0: Ball
1-0: Swinging Strike
1-1: Bunt for hit - play at first, batter OUT! 5-3
Batting: LHB Guy Moss 0-0: Ball
1-0: Swinging Strike
1-1: Swinging Strike
1-2: Strikes out swinging
Batting: LHB Tony Rivera 0-0: Ball
1-0: Ball
2-0: Called Strike
2-1: Ball
3-1: Base on Balls
Batting: RHB Jeff Mason 0-0: Ball
Tony Rivera is caught stealing 2nd base
Top of the 9th over - 0 run(s), 0 hit(s), 0 error(s), 0 left on base; Beaumont 6 - Key West 3
BOTTOM OF THE 9TH
Key West Barracudas batting - Pitching for Beaumont Roughnecks : LHP Artie Nelson
Pitching: RHP Grady Connolly
Batting: SHB Héctor Padilla 0-0: Ball
1-0: Ball
2-0: Ground out 4-3 (Groundball, 4)
Batting: SHB Jacob Knapp 0-0: Ball
1-0: Ball
2-0: Ball
3-0: Base on Balls
Batting: RHB Jorge Hernández 0-0: Ball
1-0: Ball
2-0: Called Strike
2-1: Ball
3-1: Swinging Strike
3-2: Foul Ball, location: 2F
3-2: Foul Ball, location: 2F
3-2: SINGLE (Groundball, 56) (infield hit)
Jacob Knapp to second
Batting: LHB Daniel Byrd 0-0: Ball
1-0: Foul Ball, location: 2F
1-1: Foul Ball, location: 2F
1-2: Ball
2-2: Ball
3-2: Foul Ball, location: 2F
3-2: Strikes out looking
Batting: RHB Ramón Díaz 0-0: Foul Ball, location: 2F
0-1: Foul Ball, location: 2F
0-2: Ball
1-2: Foul Ball, location: 2F
1-2: Strikes out swinging
Bottom of the 9th over - 0 run(s), 1 hit(s), 0 error(s), 2 left on base; Beaumont 6 - Key West 3
Thursday, March 30th, 2017 - OOTP Baseball 17.12 Build 75